 Dungeon Crawl Stone Soup version 0.31-a0-208-gdb31a4691d (webtiles) character file.

Game seed: 15530772856113183031

148 Hubris850 the Insei (level 5, 0/33 (37) HPs)
             Began as a Merfolk Transmuter on June 28, 2023.
             Slain by Crazy Yiuf
             ... wielding a +3 quarterstaff of chaos
              (7 damage)
             ... while petrified by Crazy Yiuf
             ... on level 3 of the Dungeon.
             The game lasted 00:06:40 (2879 turns).

Hubris850 the Insei (Merfolk Transmuter)            Turns: 2879, Time: 00:06:41

HP:   0/33 (37)     AC:  9    Str: 15 (17) XL:     5   Next: 30%
MP:   8/8           EV:  2    Int: 14      God:
Gold: 100           SH:  0    Dex: 11 (14) Spells: 7/8 levels left

rFire   + . .        j - +0 rapier (protect)
rCold   + + .        g - +0 buckler
rNeg    + + +        k - +2 scale mail {rC+}
rPois   ∞            q - +0 helmet
rElec   +            (no cloak)
rCorr   +            (no gloves)
SInv    .            (no boots)
Will    .....        (no amulet) Stlth
                     h - +6 ring of strength
HPRegen 0.25/turn    r - ring of wizardry
MPRegen 0.11/turn

%: wizardry (x1)
@: resistant, petrified, heavily drained
A: (nimble swimmer 2), mertail
a: no special abilities


You were on level 3 of the Dungeon.
You visited 1 branch of the dungeon, and saw 3 of its levels.

You collected 100 gold pieces.

Inventory:

Hand Weapons
 f - a +0 short sword
 j - a +0 rapier of protection (weapon)
Missiles
 u - a throwing net
 w - 7 poisoned darts
Armour
 a - a +0 robe
 d - a +0 leather armour
 g - a +0 buckler (worn)
 k - a +2 scale mail of cold resistance (worn)
 q - a +0 helmet (worn)
 x - an orb of wrath
Jewellery
 h - a +6 ring of strength (left hand)
 r - a ring of wizardry (right hand)
Scrolls
 c - 3 scrolls of revelation {unknown}
 e - a scroll of torment {unknown}
 i - a scroll of enchant weapon {unknown}
 l - 8 scrolls of identify {unknown}
 m - a scroll of blinking {unknown}
 o - a scroll of immolation {unknown}
 t - a scroll of vulnerability {unknown}
 v - 4 scrolls of poison {unknown}
Potions
 n - a potion of experience {unknown}
 p - a potion of berserk rage
 s - a potion of curing {unknown}


   Skills:
 - Level 1.1 Fighting
 - Level 3.5 Dodging
 + Level 2.9 Shields
 - Level 5.0 Unarmed Combat
 - Level 2.0 Spellcasting
 - Level 2.6 Transmutations


You had 7 spell levels left.
You knew the following spells:

 Your Spells              Type           Power      Damage    Failure   Level
a - Beastly Appendage     Tmut           16%        N/A       17%         1

Your spell library contained the following spells:

 Spells                   Type           Power      Damage    Failure   Level
 Wereblood                Tmut           8%         N/A       26%         2
 Apportation              Tloc           2%         N/A       45%         1
 Necrotise                Necr           4%         1d4       45%         1
 Summon Small Mammal      Summ           4%         N/A       45%         1
 Spider Form              Tmut/Pois      5%         N/A       63%         3
 Ice Form                 Ice/Tmut       5%         N/A       95%         4


Dungeon Overview and Level Annotations

Branches:
Dungeon (3/15)

Altars:

Annotations:
D:3 Crazy Yiuf


Innate Abilities, Weirdness & Mutations

((You are very nimble when in or above water. (Stealth+, EV+, Speed+++)))
Your lower body shifts to a powerful aquatic tail in water.


Message History

You cannot move. (Use ctrl+direction or * direction to attack while stationary and confused.)
You cannot move. (Use ctrl+direction or * direction to attack while stationary and confused.)
You attack the rock wall.
Crazy Yiuf hits you but does no damage.
You feel drained.
You nearly hit yourself!
You feel less confused. Crazy Yiuf hits you but does no damage.
You hit Crazy Yiuf but do no damage.
Crazy Yiuf is moderately wounded.
Your transformation is almost over.
Crazy Yiuf hits you but does no damage.
You completely miss Crazy Yiuf.
Crazy Yiuf is moderately wounded.
Crazy Yiuf hits you but does no damage.
You hit Crazy Yiuf but do no damage.
Crazy Yiuf is moderately wounded.
Crazy Yiuf hits you with a +3 quarterstaff of chaos!
* * * LOW HITPOINT WARNING * * *
You are slowing down.
You hit Crazy Yiuf.
Crazy Yiuf is heavily wounded.
Crazy Yiuf hits you but does no damage.
You easily resist.
Crazy Yiuf hits you but does no damage.
You feel drained.
You have turned to stone.
Crazy Yiuf hits you but does no damage. x2
Space warps horribly around you!
* * * LOW HITPOINT WARNING * * *
Crazy Yiuf screams, "Goldfish!
Scoff toodlewoodle unthinkable."
Crazy Yiuf completely misses you.
Crazy Yiuf says, "Crazy?
Crazy!?
PORCUPINE!"
Crazy Yiuf completely misses you. Crazy Yiuf hits you but does no damage.
You feel less wooden.
Your +0 helmet unmelds from your body.
Your +2 scale mail of cold resistance unmelds from your body.
You feel resistant to cold. Crazy Yiuf hits you but does no damage.
Crazy Yiuf barely misses you.
Crazy Yiuf waves his quarterstaff at you.
Crazy Yiuf hits you with a +3 quarterstaff of chaos!
You die...

#..######....#
#..# #....#
#..# #....#
#..# ##...#
#..# ##.##
#######..#
##.#
.........###
#.##
#######...[#
##.# ######
#@## #g# ...
############
#...#
...>......>#
#)..#
.###########
##### .# .# .#


You could see Crazy Yiuf.

Vanquished Creatures
  Terence (D:3)
  Robin (D:2)
  4 adders (D:2)
  A worm (D:2)
  5 ball pythons
  7 endoplasms
  2 giant cockroaches
  12 goblins
  6 hobgoblins
  8 jackals
  4 kobolds
  2 quokkas (D:2)
  5 bats
  3 frilled lizards
  4 rats
65 creatures vanquished.

Notes
Turn   | Place    | Note
-------+----------+-------------------------------------------
     0 | D:1      | Hubris850 the Merfolk Transmuter began the quest for the
                  | Orb.
     0 | D:1      | Reached XP level 1. HP: 15/15 MP: 3/3
   205 | D:1      | Reached XP level 2. HP: 19/21 MP: 5/5
   212 | D:1      | Found a faded altar of an unknown god.
   951 | D:2      | Reached skill level 1 in Shields
   951 | D:2      | Reached skill level 4 in Unarmed Combat
   951 | D:2      | Reached XP level 3. HP: 26/26 MP: 6/6
  1228 | D:2      | Reached XP level 4. HP: 28/32 MP: 7/7
  1321 | D:2      | Noticed Robin
  1364 | D:2      | Killed Robin
  2053 | D:3      | Noticed Terence
  2085 | D:3      | Killed Terence
  2086 | D:3      | Reached skill level 5 in Unarmed Combat
  2086 | D:3      | Reached XP level 5. HP: 23/37 MP: 8/8
  2461 | D:3      | Found a runed translucent door.
  2462 | D:3      | Noticed Crazy Yiuf
  2879 | D:3      | Slain by Crazy Yiuf

Illustrated notes

Levels and vault maps discovered:
D:1:      lightli_arrival_windingriver, layout_loops_ring,
          hellmonk_ecumenical_altar_dog_temple, minivault_5
D:2:      layout_basic, uniq_robin
D:3:      layout_loops_ring, uniq_terence, uniq_crazy_yiuf_cottage

Skill      XL: |  1  2  3  4 |
---------------+-------------+-----
Dodging        | 3 |  3.5
Shields        | 1 2 |  2.9
Unarmed Combat | 4 5 |  5.0
Fighting       | |  1.1
Spellcasting   | |  2.0
Transmutations | |  2.6

Action                     |  1- 3 |  4- 6 || total
---------------------------+-------+-------++-------
  Melee: Short sword       |    59 |       ||    59
         Unarmed           |    16 |       ||    16
         Punch             |     2 |       ||     2
         Rapier            |    77 |   167 ||   244
         Headbutt          |     1 |     5 ||     6
   Cast: Beastly Appendage |     1 |     2 ||     3
    Use: Potion            |       |     3 ||     3
   Stab: Sleeping          |     2 |       ||     2
 Armour: Leather armour    |    23 |       ||    23
         Scale mail        |    56 |    98 ||   154
         Skin              |       |    19 ||    19
  Dodge: Dodged            |   146 |    76 ||   222
  Block: Buckler           |    32 |    34 ||    66

Table legend: (Time is in decaauts)
 A = Elapsed time spent in this place.
 B = Non-inter-level travel time spent in this place.
 C = Inter-level travel time spent in this place.
 D = Time resting spent in this place.
 E = Time spent auto-exploring this place.
 F = Levels seen in this place.
 G = Mean time per level.
                   A        B        C        D        E       F      G
               +--------+--------+--------+--------+--------+-----+--------+
         Total |   2935 |   2863 |     72 |    242 |   1937 |   3 |  978.3 |
       Dungeon |   2935 |   2863 |     72 |    242 |   1937 |   3 |  978.3 |
               +--------+--------+--------+--------+--------+-----+--------+

Top non-repeatable levels by time:
     D:2: 1148 daAuts
     D:1: 900 daAuts
     D:3: 886 daAuts
